 Dungeon Crawl Stone Soup version 0.27-a0-1242-ge70438ac7b (webtiles) character file.

Game seed: 16130384921499885268

17683 Glokmah the Envoy of Void (level 12, 0/92 HPs)
             Began as a Formicid Abyssal Knight on June 9, 2021.
             Was a High Priest of Lugonu.
             Killed from afar by a manticore (8 damage)
             ... with a volley of spikes
             ... on level 3 of the Lair of Beasts.
             The game lasted 00:35:09 (14371 turns).

Glokmah the Envoy of Void (FoAK)                   Turns: 14371, Time: 00:35:10

Health: 0/92       AC: 17    Str: 18    XL:     12   Next: 85%
Magic:  18/20      EV: 10    Int: 19    God:    Lugonu [*****.]
Gold:   936        SH: 11    Dex: 13    Spells: 17/19 levels left

rFire    + . .     SeeInvis +   b - +2 arbalest (flame)
rCold    . . .     Faith    .   n - +0 kite shield
rNeg     . . .     Spirit   .   U - +2 scale mail {rF+}
rPois    .         Reflect  .   (helmet unavailable)
rElec    .         Harm     .   K - +1 cloak
rCorr    .         Rampage  .   (no gloves)
Will     +....                  d - +0 pair of boots
Stlth    ..........             h - amulet of regeneration
HPRegen  1.25/turn              m - +6 ring of intelligence
MPRegen  0.17/turn              F - +4 ring of protection

@: wereblooded, spiked
A: permanent stasis, dig shafts and tunnels, antennae 3, four strong arms
a: Dig, Shaft Self, Renounce Religion, Depart the Abyss, Bend Space, Banish,
Corrupt, Enter the Abyss


You were on level 3 of the Lair of Beasts.
You worshipped Lugonu.
Lugonu was extremely pleased with you.
You visited 2 branches of the dungeon, and saw 13 of its levels.
You visited the Abyss 1 time.
You also visited: Sewer.

You collected 1136 gold pieces.
You spent 200 gold pieces at shops.

Inventory:

Hand Weapons
 a - the +9 whip of Midwinter {freeze, rC+}
   (You found it on level 7 of the Dungeon)

   It has been specially enchanted to freeze those struck by it, causing extra
   injury to most foes and up to half again as much damage against particularly
   susceptible opponents.
   It can also slow down cold-blooded creatures.
   It protects you from cold.
 b - a +2 arbalest of flaming (weapon)
 u - a +0 battleaxe
 J - the +7 shortbow of Reinforcement {venom, +Blink rPois rCorr Int+2}
   (You bought it in a shop on level 8 of the Dungeon)

   It poisons the ammo it fires.
   It affects your intelligence (+2).
   It protects you from poison.
   It lets you blink.
   It protects you from acid and corrosion.
Missiles
 e - 128 bolts (quivered ammo)
 i - 16 boomerangs
 o - 76 poisoned darts
 w - 3 curare-tipped darts
 x - 119 arrows
Armour
 d - a +0 pair of boots (worn)
 n - a +0 kite shield (worn)
 K - a +1 cloak (worn)
 U - a +2 scale mail of fire resistance (worn)
Jewellery
 h - an amulet of regeneration (around neck)
 m - a +6 ring of intelligence (left hand)
 z - a +6 ring of intelligence
 F - a +4 ring of protection (right hand)
 L - an amulet of magic regeneration
 O - an amulet of the acrobat
Wands
 s - a wand of polymorph (10)
 y - a wand of mindburst (33)
 A - a wand of flame (50)
 E - a wand of paralysis (16)
 Q - a wand of acid (8)
Scrolls
 k - 2 scrolls of noise
 r - 2 scrolls of amnesia
 v - a scroll of enchant armour {unknown}
 M - a scroll of fear {unknown}
 N - a scroll of fog
 P - a scroll of silence {unknown}
 S - a scroll of brand weapon
 T - a scroll of torment {unknown}
Potions
 c - 2 potions of lignification
 f - 4 potions of might
 g - 11 potions of curing
 j - 3 potions of haste
 l - a potion of mutation
 p - 3 potions of flight
 t - 8 potions of heal wounds
 B - a potion of experience {unknown}
 C - 5 potions of brilliance
 D - 3 potions of magic {unknown}
 G - 3 potions of degeneration {unknown}
 I - a potion of ambrosia {unknown}
 R - a potion of invisibility {unknown}


   Skills:
 + Level 8.1 Fighting
 * Level 9.7 Axes
 * Level 7.6 Crossbows
 + Level 5.8 Armour
 + Level 2.4 Dodging
 - Level 9.0 Shields
 + Level 4.3 Spellcasting
 + Level 4.8 Transmutations
 * Level 11.3 Invocations


You had 17 spell levels left.
You knew the following spells:

 Your Spells              Type           Power      Damage    Failure   Level
a - Wereblood             Tmut           22%        N/A       9%          2

Your spell library contained the following spells:

 Spells                   Type           Power      Damage    Failure   Level
 Beastly Appendage        Tmut           44%        N/A       5%          1
 Sting                    Tmut/Pois      52%        1d5       14%         1
 Pain                     Necr           16%        1d4       36%         1
 Spider Form              Tmut/Pois      6%         N/A       38%         3
 Ice Form                 Ice/Tmut       13%        N/A       80%         4
 Animate Dead             Necr           2%         N/A       98%         4
 Cause Fear               Hex            2%         N/A       98%         4
 Yara's Violent Unravell  Hex/Tmut       6%         3d5       98%         5
 Borgnjor's Vile Clutch   Necr/Erth      2%         N/A       100%        5
 Silence                  Hex/Air        2%         N/A       100%        5
 Death Channel            Necr           2%         N/A       100%        6
 Simulacrum               Ice/Necr       2%         N/A       100%        6
 Discord                  Hex            2%         N/A       100%        8


Dungeon Overview and Level Annotations

Branches:
Dungeon (10/15)            Temple (0/1) D:6            Lair (3/6) D:10
    Orc (0/2) D:9           Sewer (visited)
  Swamp: Lair:2-4    Shoals: Lair:2-4     Snake: Lair:2-4    Spider: Lair:2-4

Altars:
Cheibriados
Dithmenos
Hepliaklqana
Kikubaaqudgha
Makhleb
Nemelex Xobeh
Okawaru
Qazlal
Sif Muna
Trog
Vehumet
Xom
Yredelemnul

Shops:
D:7 *   D:8 (

Annotations:
D:9 2 transporters, corrupted
Abyss:1 Harold, Menkaure


Innate Abilities, Weirdness & Mutations

You cannot be hasted, slowed, berserked, paralysed or teleported.
You can dig through walls and to a lower floor.
You have a pair of large antennae on your head. (SInv)
Your four strong arms can wield two-handed weapons with a shield.


Message History

b - a +2 arbalest of flaming (weapon)
Fire: 131 bolts
Press: ? - help, Q - select action, (/) - cycle Shift-Dir - straight line, f - seven-headed hydra
Aim: a seven-headed hydra (translocational energy, heavily wounded, slow, 82% to hit)
You shoot a bolt. The bolt hits the seven-headed hydra!
The bolt burns the seven-headed hydra.
The seven-headed hydra is severely wounded.
You feel sick.
Fire: 130 bolts
Press: ? - help, Q - select action, (/) - cycle Shift-Dir - straight line, f/p - seven-headed hydra
Aim: a seven-headed hydra (severely wounded, slow, 82% to hit)
You shoot a bolt. The bolt hits the seven-headed hydra!
The bolt burns the seven-headed hydra.
The seven-headed hydra is almost dead.
You feel sick.
The seven-headed hydra is no longer moving slowly.
The wind drake exhales a fierce blast of wind!
You are blown backwards!
Fire: 129 bolts
Press: ? - help, Q - select action, (/) - cycle Shift-Dir - straight line, f/p - seven-headed hydra
Aim: a seven-headed hydra (severely wounded, 82% to hit)
You shoot a bolt.
The bolt barely misses the seven-headed hydra.
You feel sick.
The seven-headed hydra bites you but does no damage.
The seven-headed hydra bites you!
* * * LOW HITPOINT WARNING * * *
You block the seven-headed hydra's attack.
The seven-headed hydra bites you but does no damage. x2
The seven-headed hydra bites you.
* * * LOW HITPOINT WARNING * * *
The seven-headed hydra bites you but does no damage.
The wind drake bites you but does no damage.
Space bends sharply around you!
The plant begins to die.
The wind drake blinks!
You blink.
You feel sick.
You are no longer poisoned.
The manticore flicks its tail.
The volley of spikes hits you!
The barbed spikes become lodged in your body.
You die...

#...#.....# ### ##....#
##....# . ### ####
#.....#
..#P.####P.#######....#
........ยง.............#
.......kD.............#
........F.............#
.......@(H............#
####.##k#(##..###......#
## ##.###### .#....##
#.#.# ##.....# ... ...
....## ..... ..... ....#
....... ....... ..#
....... ....... ###.##P
#P###.H


You could see a seven-headed hydra, a wind drake (repels missiles), a manticore,
a cane toad and a rime drake.

Vanquished Creatures
  3 hydras
  A two-headed ogre (D:10)
  Sonja (D:10)
  A black mamba (Lair:2)
  4 cane toads
  Psyche (D:8)
  A rime drake (Lair:2)
  3 komodo dragons
  A hornet (D:10)
  3 blink frogs (Lair:1)
  27 yaks
  A wraith (D:9)
  A basilisk (Lair:1)
  A steam dragon (D:9)
  2 acid dragons
  7 water moccasins
  4 orc warriors
  A hornet zombie (D:7)
  4 black bears
  2 ice beasts
  4 ogres
  9 wolves
  A phantom (D:6)
  A kobold brigand (D:8)
  A gnoll sergeant (D:8)
  9 bullfrogs
  2 scorpions (D:6)
  A wyvern skeleton (D:7)
  8 wights
  A howler monkey (D:4)
  A quasit (D:5)
  4 centaur zombies
  Crazy Yiuf (D:7)
  4 orc priests
  A bullfrog skeleton (D:3)
  2 hounds
  5 jellies
  3 iguanas
  A scorpion zombie (D:5)
  3 orc wizards
  A killer bee zombie (D:8)
  A hound zombie (D:5)
  A mummy (D:7)
  A gnoll (D:6)
  6 adders
  A howler monkey skeleton (D:6)
  8 river rats
  2 shadow imps (D:6)
  4 white imps
  3 ufetubi
  An adder skeleton (D:4)
  2 worms (D:2)
  2 dart slugs (D:2)
  20 orcs
  11 ball pythons
  7 endoplasms
  6 giant cockroaches
  11 goblins
  11 hobgoblins
  6 jackals
  10 quokkas
  6 bats
  6 frilled lizards
  A hobgoblin zombie (D:7)
  26 kobolds
  2 kobold zombies (D:7)
  An orc zombie (D:7)
  41 rats
329 creatures vanquished.

Vanquished Creatures (others)
  A two-headed ogre (D:9)
  Maggie (D:9)
  An orc warrior (D:9)
  A centaur (D:9)
  3 wights (D:9)
  A centaur zombie (D:9)
  2 orc priests (D:9)
  26 orcs (D:9)
  9 fungi
  20 plants
65 creatures vanquished.

Grand Total: 394 creatures vanquished

Notes
Turn   | Place    | Note
-------+----------+-------------------------------------------
     0 | Abyss:1  | Glokmah the Formicid Abyssal Knight began the quest for the
                  | Orb.
     0 | Abyss:1  | Reached XP level 1. HP: 18/18 MP: 2/2
    38 | Abyss:1  | Noticed a wight
    44 | Abyss:1  | Noticed a small abomination
    89 | Abyss:2  | Noticed a small abomination
   160 | Abyss:3  | Noticed a starcursed mass
   180 | Abyss:4  | Noticed a smoke demon
   185 | Abyss:4  | Noticed a thrashing horror
   188 | D:1      | Escaped the Abyss
   491 | D:1      | Reached XP level 2. HP: 24/24 MP: 3/3
   696 | D:1      | Reached XP level 3. HP: 29/29 MP: 3/5
   724 | D:1      | Found a faded altar of an unknown god.
   745 | D:1      | Reached * piety under Lugonu
  1071 | D:2      | You fall into a shaft and drop 1 floor!
  1143 | D:2      | Reached skill level 3 in Invocations
  1252 | D:2      | Reached XP level 4. HP: 36/36 MP: 6/6
  2009 | D:3      | Reached ** piety under Lugonu
  2031 | D:3      | Reached XP level 5. HP: 42/42 MP: 7/7
  2326 | D:3      | Reached skill level 4 in Invocations
  2783 | D:4      | Reached skill level 1 in Shields
  2783 | D:4      | Reached XP level 6. HP: 43/48 MP: 9/9
  2901 | D:4      | Reached *** piety under Lugonu
  3006 | D:4      | Found a glowing drain.
  3009 | Sewer    | Entered a sewer
  3207 | Sewer    | Reached XP level 7. HP: 55/55 MP: 10/10
  3211 | Sewer    | Reached **** piety under Lugonu
  3696 | D:4      | Found a basalt altar of Yredelemnul.
  3966 | D:4      | Reached skill level 5 in Invocations
  4035 | D:4      | Found a burning altar of Makhleb.
  4325 | D:5      | Entered Level 5 of the Dungeon
  4863 | D:5      | Noticed Menkaure
  4865 | D:5      | Reached skill level 1 in Crossbows
  4885 | D:5      | Banished Menkaure
  4886 | D:5      | Reached XP level 8. HP: 49/61 MP: 3/12
  5160 | D:5      | Noticed Grinder
  5161 | D:5      | Noticed Grinder
  5161 | D:5      | Grinder changed into Grinder the quasit
  5178 | D:5      | Killed Grinder the quasit
  5193 | D:5      | Found a stormy altar of Qazlal.
  5201 | D:5      | Found a shimmering altar of Xom.
  5203 | D:5      | Found a shadowy altar of Dithmenos.
  5293 | D:5      | Found an ancient bone altar of Kikubaaqudgha.
  5481 | D:5      | Found an iron altar of Okawaru.
  5488 | D:5      | Found a radiant altar of Vehumet.
  5757 | D:6      | Found a shimmering blue altar of Sif Muna.
  5791 | D:6      | Reached skill level 5 in Fighting
  5791 | D:6      | Reached skill level 5 in Axes
  5791 | D:6      | Reached skill level 6 in Invocations
  5858 | D:6      | Identified Sif Muna's Reference Book on Unstable Necromancy
  5864 | D:6      | Found a bloodstained altar of Trog.
  5895 | D:6      | Found a staircase to the Ecumenical Temple.
  6027 | D:6      | Reached XP level 9. HP: 20/68 MP: 13/13
  6145 | D:6      | Reached skill level 5 in Shields
  6225 | D:6      | Reached skill level 7 in Invocations
  7415 | D:7      | Reached skill level 5 in Armour
  7661 | D:7      | Found a runed translucent door.
  7662 | D:7      | Noticed Crazy Yiuf
  7671 | D:7      | Killed Crazy Yiuf
  7726 | D:7      | Noticed a hornet
  7730 | D:7      | Banished a hornet
  7785 | D:7      | Found Sefit's Assorted Antiques.
  7790 | D:7      | Identified a scroll of acquirement
  7790 | D:7      | Acquired a +2 arbalest of flaming
  7883 | D:7      | Identified the +9 whip of Midwinter {freeze, rC+}
  8156 | D:8      | Reached skill level 8 in Invocations
  8156 | D:8      | Reached XP level 10. HP: 76/76 MP: 14/16
  8543 | D:8      | Found Muluwut's Antique Weapon Shop.
  9230 | D:8      | Learned a level 2 spell: Wereblood
  9374 | D:8      | Bought a steaming shortbow for 200 gold pieces
  9374 | D:8      | Identified the +7 shortbow of Reinforcement {venom, +Blink
                  | rPois rCorr Int+2} (You bought it in a shop on level 8 of
                  | the Dungeon)
  9397 | D:9      | Noticed Psyche
  9447 | D:8      | Killed Psyche
  9690 | D:9      | Noticed a deep elf pyromancer
  9691 | D:9      | Found a transporter.
  9691 | D:9      | Found a transporter.
  9694 | D:9      | Identified the +2 robe "Fefami" {rF+ Int+4}
  9698 | D:9      | Noticed a green ugly thing
  9700 | D:9      | Noticed a harpy
  9733 | D:9      | Reached skill level 1 in Transmutations
  9737 | D:9      | Reached skill level 1 in Spellcasting
  9764 | D:9      | Noticed a two-headed ogre
  9773 | D:9      | Corrupted D:9
  9773 | D:9      | Noticed an apocalypse crab
  9773 | D:9      | Noticed an efreet
  9773 | D:9      | Noticed a large abomination
  9773 | D:9      | Noticed a large abomination
  9773 | D:9      | Noticed a rakshasa
  9773 | D:9      | Noticed a sixfirhy
  9773 | D:9      | Noticed a lich
  9773 | D:9      | Noticed a smoke demon
  9774 | D:9      | Noticed a large abomination
  9776 | D:9      | Killed a two-headed ogre
  9776 | D:9      | Noticed a red draconian
  9777 | D:9      | Found a staircase to the Orcish Mines.
  9779 | D:9      | Noticed a smoke demon
  9822 | D:9      | Killed Maggie
 10074 | D:9      | Noticed Harold
 10086 | D:9      | Banished Harold
 10087 | D:9      | Reached skill level 9 in Invocations
 10214 | D:9      | Found a sparkling altar of Nemelex Xobeh.
 10460 | D:10     | Entered Level 10 of the Dungeon
 10853 | D:10     | Found a snail-covered altar of Cheibriados.
 10978 | D:10     | Noticed Sonja
 11013 | D:10     | Killed Sonja
 11014 | D:10     | Reached skill level 5 in Crossbows
 11014 | D:10     | Reached XP level 11. HP: 31/83 MP: 16/18
 11065 | D:10     | Noticed a two-headed ogre
 11074 | D:10     | Killed a two-headed ogre
 11246 | D:10     | Found a staircase to the Lair.
 11420 | D:10     | Found a hazy altar of Hepliaklqana.
 11524 | Lair:1   | Entered Level 1 of the Lair of Beasts
 11610 | Lair:1   | Reached skill level 10 in Invocations
 12103 | Lair:1   | Noticed a five-headed hydra
 12118 | Lair:1   | Killed a five-headed hydra
 12433 | Lair:1   | Noticed an eight-headed hydra
 12441 | Lair:1   | Killed an eight-headed hydra
 12442 | Lair:1   | Reached XP level 12. HP: 91/91 MP: 19/19
 12746 | Lair:2   | Reached skill level 1 in Dodging
 12966 | Lair:2   | Reached skill level 11 in Invocations
 13069 | Lair:2   | Reached ***** piety under Lugonu
 13286 | Lair:2   | Noticed an eight-headed hydra
 13760 | Lair:2   | Killed an eight-headed hydra
 14354 | Lair:3   | Noticed a seven-headed hydra
 14371 | Lair:3   | Killed from afar by a manticore

Illustrated notes

Levels and vault maps discovered:
D:1:      grunt_arrival_crossed_arrows, layout_loops_ring,
          ebering_ecumenical_altar_sacrificial
D:2:      layout_loops_cross, serial_park_tiny_1, hangedman_glass_teeth,
          corexii_leaking_fountain, minmay_lizard_king
D:3:      layout_loops_ring, hangedman_abyss_or_decor_stabs, minmay_rat_hole
D:4:      layout_cave_pods, kennysheep_little_box, lemuel_crystal_altar,
          gup_sewer_entry_spiral, hex_large
D:5:      layout_basic, minitemple, nicolae_overflow_hidden_temple,
          uniq_menkaure, uniq_grinder
D:6:      minmay_polygon_palace, layout_basic,
          nzn_overflow_gifts_of_might_and_magic, minmay_temple_entry_waves
D:7:      layout_loops_corners, serial_shops, shop_fountains,
          hangedman_abyss_or_decor_passed, minmay_mini_ossuary,
          uniq_crazy_yiuf_cottage
D:8:      layout_loops_corners, chequers_serial_rivers_room_b,
          kennysheep_windowed_goal
D:9:      gammafunk_sealed_arena, layout_loops_ring, kennysheep_mini_moat,
          hiddenorc2_lemuel, serial_bayou_crossing, uniq_harold, uniq_maggie,
          uniq_psyche
D:10:     layout_basic, old_standard_altar, lemuel_doored_altar,
          lair_entry_dummy, uniq_sonja
Lair:1:   layout_loops_ring, serial_bayou_pond_d
Lair:2:   layout_roguey
Lair:3:   layout_long_grid, minmay_shoals_entry_beasts,
          minmay_lair_oklob_chamber, infiniplex_staircase_pool, uniq_nergalle

Skill      XL: |  1  2  3  4  5  6  7  8  9 10 11 12 |
---------------+-------------------------------------+-----
Invocations    | 3 4 5 6 8 9 10 11 | 11.3
Axes           | 3 4 5 6 8 9 |  9.7
Fighting       | 4 5 6 7 8 |  8.1
Armour         | 3 4 5 |  5.8
Shields        | 1 2 3 4 6 8 9 |  9.0
Crossbows      | 1 2 3 5 6 7 |  7.6
Transmutations | 2 4 |  4.8
Spellcasting   | 2 3 4 |  4.3
Dodging        | 2 |  2.4

Action                   |  1- 3 |  4- 6 |  7- 9 | 10-12 || total
-------------------------+-------+-------+-------+-------++-------
Melee: Hand axe          |   100 |   275 |    71 |       ||   446
       War axe           |       |       |   211 |       ||   211
       Whip              |       |       |       |   272 ||   272
       Battleaxe         |       |       |       |    13 ||    13
 Fire: Hand crossbow     |       |       |    42 |       ||    42
       Arbalest          |       |       |     9 |   230 ||   239
 Cast: Wereblood         |       |       |       |     2 ||     2
Invok: Depart the Abyss  |     1 |       |       |       ||     1
       Banish            |       |       |     3 |     4 ||     7
       Bend Space        |       |       |     3 |    16 ||    19
       Corrupt           |       |       |       |     1 ||     1
 Abil: Dig               |     3 |     4 |     2 |     1 ||    10
Evoke: Wand              |       |       |     1 |       ||     1
  Use: Scroll            |       |     7 |     9 |     5 ||    21
       Potion            |       |       |       |     1 ||     1
Armor: Leather armour    |    45 |     6 |       |       ||    51
       Ring mail         |       |    46 |       |       ||    46
       Scale mail        |       |    80 |   170 |   180 ||   430
Dodge: Dodged            |    61 |   158 |   209 |   179 ||   607
Block: Buckler           |       |       |       |    57 ||    57
       Kite shield       |       |       |       |   162 ||   162

Table legend: (Time is in decaauts)
 A = Elapsed time spent in this place.
 B = Non-inter-level travel time spent in this place.
 C = Inter-level travel time spent in this place.
 D = Time resting spent in this place.
 E = Time spent auto-exploring this place.
 F = Levels seen in this place.
 G = Mean time per level.
                   A        B        C        D        E       F      G
               +--------+--------+--------+--------+--------+-----+--------+
         Total |  14641 |  13358 |   1283 |   1419 |   7967 |  18 |  813.4 |
       Dungeon |  11024 |   9922 |   1102 |    725 |   6426 |  10 | 1102.4 |
          Lair |   2851 |   2670 |    181 |    653 |   1237 |   3 |  950.3 |
         Abyss |    188 |    188 |      0 |     41 |      0 |   4 |   47.0 |
         Sewer |    577 |    577 |      0 |      0 |    304 |   1 |  577.0 |
               +--------+--------+--------+--------+--------+-----+--------+

Top non-repeatable levels by time:
     D:6: 1708 daAuts
  Lair:1: 1424 daAuts
     D:8: 1393 daAuts
     D:4: 1234 daAuts
  Lair:2: 1225 daAuts
     D:5: 1166 daAuts
     D:7: 1126 daAuts
     D:9: 1043 daAuts
     D:1: 869 daAuts
     D:3: 841 daAuts
     D:2: 833 daAuts
    D:10: 806 daAuts
   Sewer: 577 daAuts
  Lair:3: 201 daAuts
 Abyss:1: 75 daAuts
